| TOP OF THE 1ST |
|
Hawaii Islanders batting - Pitching for Portland Beavers : LHP Bill Scherrer
|
|
Pitching: LHP Bill Scherrer
|
|
|
Batting: RHB Chris Nyman
|
0-0: Foul Ball, location: 2F 0-1: Swinging Strike 0-2: Ball 1-2: Foul Ball, location: 2F 1-2: Fly out, F7 (Flyball, 7LD, EV 106.9 MPH)
|
|
Batting: RHB Jarrett Sterner
|
0-0: Ball 1-0: Called Strike 1-1: Foul Ball, location: 2F 1-2: Strikes out swinging
|
|
Batting: RHB Kevin McReynolds
|
0-0: Ground out 2-3 (Groundball, 15S, EV 63.8 MPH)
|
| Top of the 1st over - 0 runs, 0 hits, 0 errors, 0 left on base; Hawaii 0 - Portland 0 |
| BOTTOM OF THE 1ST |
|
Portland Beavers batting - Pitching for Hawaii Islanders : RHP Eric Prevost
|
|
Pitching: RHP Eric Prevost
|
|
|
Batting: SHB Wally Backman
|
0-0: Ball 1-0: Ground out 5-3 (Groundball, 56S, EV 80.6 MPH)
|
|
Batting: RHB Brian J Giles
|
0-0: Ball 1-0: Bunted foul 1-1: DOUBLE (Line Drive, 89D, EV 105.6 MPH)
|
|
Batting: RHB Martinho Varandas
|
0-0: Called Strike 0-1: Ball 1-1: Ground out U3 (Groundball, 34, EV 85.0 MPH) Brian J Giles to third
|
|
Batting: RHB Pepe Mangual
|
0-0: Foul Ball, location: 2F 0-1: Ball 1-1: Called Strike 1-2: Strikes out swinging
|
| Bottom of the 1st over - 0 runs, 1 hit, 0 errors, 1 left on base; Hawaii 0 - Portland 0 |
| TOP OF THE 2ND |
|
Hawaii Islanders batting - Pitching for Portland Beavers : LHP Bill Scherrer
|
|
Batting: RHB Duke Hinds
|
0-0: SINGLE (Groundball, 56D, EV 105.6 MPH)
|
|
Batting: LHB Geno Petralli
|
0-0: Fielders Choice at 2nd, 1-6 (Groundball, 13S, EV 76.9 MPH)
|
|
Batting: RHB Rob Teegarden
|
0-0: Grounds into double play, 4-6-3 (Groundball, 4, EV 100.0 MPH)
|
| Top of the 2nd over - 0 runs, 1 hit, 0 errors, 0 left on base; Hawaii 0 - Portland 0 |
| BOTTOM OF THE 2ND |
|
Portland Beavers batting - Pitching for Hawaii Islanders : RHP Eric Prevost
|
|
Batting: RHB Skeeter Barnes
|
0-0: Swinging Strike 0-1: Ball 1-1: Ground out 5-3 (Groundball, 5, EV 98.1 MPH)
|
|
Batting: RHB Ricky Jacquez
|
0-0: Called Strike 0-1: Called Strike 0-2: Hit by Pitch
|
|
Batting: LHB Andre David
|
0-0: Ball 1-0: Called Strike 1-1: Ball 2-1: Fielders Choice at 2nd, 3-6 (Groundball, 3, EV 81.3 MPH)
|
|
Batting: RHB Dave Huppert
|
0-0: Called Strike Andre David steals 2nd base 0-1: SINGLE (Line Drive, 3L, EV 95.0 MPH) Andre David to third Runner from 3rd tries for Home, SAFE, throw by RF to home Dave Huppert to second
|
|
Batting: RHB Robert Ferris
|
0-0: Ground out 5-3 (Groundball, 56, EV 106.3 MPH)
|
| Bottom of the 2nd over - 1 run, 1 hit, 0 errors, 1 left on base; Hawaii 0 - Portland 1 |
| TOP OF THE 3RD |
|
Hawaii Islanders batting - Pitching for Portland Beavers : LHP Bill Scherrer
|
|
Batting: LHB Joe DeSa
|
0-0: Ball 1-0: SOLO HOME RUN (Flyball, 89XD, EV 108.8 MPH), Distance : 385 ft
|
|
Batting: RHB Peter Peltz
|
0-0: Called Strike 0-1: Ball 1-1: Ground out 5-3 (Groundball, 5, EV 94.4 MPH)
|
|
Batting: RHB Tony Walker
|
0-0: Ball 1-0: Called Strike 1-1: Called Strike 1-2: Ball 2-2: Strikes out swinging
|
|
Batting: RHB Chris Nyman
|
0-0: Ball 1-0: Ball 2-0: Ball 3-0: Called Strike 3-1: Fly out, F9 (Flyball, 9S, EV 90.0 MPH)
|
| Top of the 3rd over - 1 run, 1 hit, 0 errors, 0 left on base; Hawaii 1 - Portland 1 |
| BOTTOM OF THE 3RD |
|
Portland Beavers batting - Pitching for Hawaii Islanders : RHP Eric Prevost
|
|
Batting: SHB Wally Backman
|
0-0: Ball 1-0: DOUBLE (Line Drive, 89M, EV 89.4 MPH)
|
|
Batting: RHB Brian J Giles
|
0-0: Foul Ball, location: 2F 0-1: Called Strike 0-2: Ball 1-2: Ball 2-2: Strikes out swinging
|
|
Batting: RHB Martinho Varandas
|
0-0: Called Strike 0-1: 2-RUN HOME RUN (Flyball, 8RXD, EV 93.8 MPH), Distance : 436 ft
|
|
Batting: RHB Pepe Mangual
|
0-0: Ball 1-0: Ball 2-0: Ground out 6-3 (Groundball, 6, EV 85.0 MPH)
|
|
Batting: RHB Skeeter Barnes
|
0-0: Foul Ball, location: 2F 0-1: SINGLE (Groundball, 56S, EV 68.1 MPH) (infield hit)
|
|
Batting: RHB Ricky Jacquez
|
0-0: Called Strike Skeeter Barnes steals 2nd base (no throw) 0-1: Swinging Strike 0-2: Strikes out looking
|
| Bottom of the 3rd over - 2 runs, 3 hits, 0 errors, 1 left on base; Hawaii 1 - Portland 3 |
| TOP OF THE 4TH |
|
Hawaii Islanders batting - Pitching for Portland Beavers : LHP Bill Scherrer
|
|
Batting: RHB Jarrett Sterner
|
0-0: Called Strike 0-1: Foul Ball, location: 2F 0-2: Ball 1-2: Ball 2-2: Fly out, F7 (Flyball, 7D, EV 92.5 MPH)
|
|
Batting: RHB Kevin McReynolds
|
0-0: Called Strike 0-1: Ball 1-1: Ball 2-1: Foul Ball, location: 2F 2-2: Ball 3-2: Fly out, F4 (Flyball, 34D, EV 86.3 MPH)
|
|
Batting: RHB Duke Hinds
|
0-0: Called Strike 0-1: Called Strike 0-2: Strikes out looking
|
| Top of the 4th over - 0 runs, 0 hits, 0 errors, 0 left on base; Hawaii 1 - Portland 3 |
| BOTTOM OF THE 4TH |
|
Portland Beavers batting - Pitching for Hawaii Islanders : RHP Eric Prevost
|
|
Batting: LHB Andre David
|
0-0: Ground out 4-3 (Groundball, 4, EV 94.4 MPH)
|
|
Batting: RHB Dave Huppert
|
0-0: Ball 1-0: Foul Ball, location: 2F 1-1: Foul Ball, location: 2F 1-2: Ball 2-2: Ball 3-2: Strikes out looking
|
|
Batting: RHB Robert Ferris
|
0-0: Swinging Strike 0-1: Ball 1-1: Foul Ball, location: 2F 1-2: Foul Ball, location: 2F 1-2: Ball 2-2: Strikes out looking
|
| Bottom of the 4th over - 0 runs, 0 hits, 0 errors, 0 left on base; Hawaii 1 - Portland 3 |
| TOP OF THE 5TH |
|
Hawaii Islanders batting - Pitching for Portland Beavers : LHP Bill Scherrer
|
|
Batting: LHB Geno Petralli
|
0-0: Swinging Strike 0-1: Foul Ball, location: 2F 0-2: Ball 1-2: DOUBLE (Flyball, 89D, EV 107.5 MPH)
|
|
Batting: RHB Rob Teegarden
|
0-0: Ground out 6-3 (Groundball, 6, EV 99.4 MPH)
|
|
Batting: LHB Joe DeSa
|
0-0: Ball 1-0: DOUBLE (Flyball, 8LXD, EV 93.8 MPH) Geno Petralli scores
|
|
Batting: RHB Peter Peltz
|
0-0: Ball 1-0: Ball 2-0: Ball 3-0: Base on Balls
|
|
Batting: RHB Tony Walker
|
0-0: Foul Ball, location: 2F 0-1: Foul Ball, location: 2F 0-2: DOUBLE (Line Drive, 89D, EV 106.9 MPH) Joe DeSa scores Peter Peltz to third Runner from 3rd tries for Home, SAFE, throw by CF to home
|
|
Batting: RHB Chris Nyman
|
0-0: Called Strike 0-1: Ball Tony Walker steals 3rd, throwing error, E2 Tony Walker scores 1-1: Ball 2-1: Called Strike 2-2: Strikes out looking
|
|
Batting: RHB Jarrett Sterner
|
0-0: Called Strike 0-1: Fly out, F8 (Line Drive, 8LD, EV 90.6 MPH)
|
| Top of the 5th over - 4 runs, 3 hits, 1 error, 0 left on base; Hawaii 5 - Portland 3 |
| BOTTOM OF THE 5TH |
|
Portland Beavers batting - Pitching for Hawaii Islanders : RHP Eric Prevost
|
|
Batting: SHB Wally Backman
|
0-0: Bunt for hit to 5S - play at first, batter OUT! 5-3
|
|
Batting: RHB Brian J Giles
|
0-0: Ball 1-0: Swinging Strike 1-1: Fly out, F3 (Line Drive, 3, EV 69.4 MPH)
|
|
Batting: RHB Martinho Varandas
|
0-0: Swinging Strike 0-1: Foul Ball, location: 2F 0-2: Ball 1-2: Fly out, F9 (Line Drive, 9, EV 90.6 MPH)
|
| Bottom of the 5th over - 0 runs, 0 hits, 0 errors, 0 left on base; Hawaii 5 - Portland 3 |
| TOP OF THE 6TH |
|
Hawaii Islanders batting - Pitching for Portland Beavers : LHP Bill Scherrer
|
|
Batting: RHB Kevin McReynolds
|
0-0: Swinging Strike 0-1: Ball 1-1: Ball 2-1: SINGLE (Groundball, 6MD, EV 102.5 MPH)
|
|
Batting: RHB Duke Hinds
|
0-0: Foul Ball, location: 2F 0-1: Fielders Choice at 2nd, 2-6 (Groundball, 13S, EV 60.6 MPH)
|
|
Batting: LHB Geno Petralli
|
0-0: Ball 1-0: Grounds into double play, 4-6-3 (Groundball, 34, EV 98.8 MPH)
|
| Top of the 6th over - 0 runs, 1 hit, 0 errors, 0 left on base; Hawaii 5 - Portland 3 |
| BOTTOM OF THE 6TH |
|
Portland Beavers batting - Pitching for Hawaii Islanders : RHP Eric Prevost
|
|
Batting: RHB Pepe Mangual
|
0-0: Ball 1-0: Ball 2-0: Called Strike 2-1: Ground out U3 (Groundball, 3, EV 105.6 MPH)
|
|
Batting: RHB Skeeter Barnes
|
0-0: Ball 1-0: Foul Ball, location: 2F 1-1: Ground out 5-3 (Groundball, 5L, EV 86.3 MPH)
|
|
Batting: RHB Ricky Jacquez
|
0-0: Ball 1-0: Foul Ball, location: 2F 1-1: Called Strike 1-2: Ball 2-2: Ball 3-2: SOLO HOME RUN (Flyball, 8RXD, EV 104.4 MPH), Distance : 430 ft
|
|
Batting: LHB Andre David
|
0-0: Called Strike 0-1: Fly out, F8 (Line Drive, 8RD, EV 86.9 MPH)
|
| Bottom of the 6th over - 1 run, 1 hit, 0 errors, 0 left on base; Hawaii 5 - Portland 4 |
| TOP OF THE 7TH |
|
Hawaii Islanders batting - Pitching for Portland Beavers : LHP Bill Scherrer
|
|
Pitching: RHP Clyde Reichard
|
|
|
Batting: RHB Rob Teegarden
|
0-0: Called Strike 0-1: Called Strike 0-2: Ball 1-2: Strikes out looking
|
|
Batting: LHB Joe DeSa
|
0-0: Ball 1-0: Swinging Strike 1-1: SOLO HOME RUN (Flyball, 9LD, EV 105.6 MPH), Distance : 363 ft
|
|
Batting: RHB Peter Peltz
|
0-0: Ball 1-0: Ball 2-0: Swinging Strike 2-1: Foul Ball, location: 2F 2-2: Ball 3-2: Foul Ball, location: 2F 3-2: Foul Ball, location: 2F 3-2: Strikes out looking
|
|
Batting: RHB Tony Walker
|
0-0: Ground out 5-3 (Groundball, 56S, EV 69.4 MPH)
|
| Top of the 7th over - 1 run, 1 hit, 0 errors, 0 left on base; Hawaii 6 - Portland 4 |
| BOTTOM OF THE 7TH |
|
Portland Beavers batting - Pitching for Hawaii Islanders : RHP Eric Prevost
|
|
Batting: RHB Dave Huppert
|
0-0: Called Strike 0-1: Called Strike 0-2: SINGLE (Groundball, 56D, EV 101.3 MPH)
|
|
Batting: RHB Robert Ferris
|
0-0: Ball Dave Huppert is caught stealing 2nd base 2-4 1-0: Swinging Strike 1-1: Foul Ball, location: 2F 1-2: Strikes out swinging
|
|
Batting: SHB Wally Backman
|
0-0: Ball 1-0: Ball 2-0: Ball 3-0: Called Strike 3-1: DOUBLE (Flyball, 89D, EV 110.6 MPH)
|
|
Batting: RHB Brian J Giles
|
0-0: Ball 1-0: Ball 2-0: Ground out 4-3 (Groundball, 34D, EV 80.6 MPH)
|
| Bottom of the 7th over - 0 runs, 2 hits, 0 errors, 1 left on base; Hawaii 6 - Portland 4 |
| TOP OF THE 8TH |
|
Hawaii Islanders batting - Pitching for Portland Beavers : RHP Clyde Reichard
|
|
Batting: RHB Chris Nyman
|
0-0: Called Strike 0-1: Called Strike 0-2: Ball 1-2: Ball 2-2: Foul Ball, location: 2F 2-2: Foul Ball, location: 2F 2-2: Foul Ball, location: 2F 2-2: Ball 3-2: Strikes out swinging
|
|
Batting: RHB Jarrett Sterner
|
0-0: Fly out, F7 (Flyball, 7LM, EV 100.6 MPH)
|
|
Batting: RHB Kevin McReynolds
|
0-0: Ball 1-0: Ball 2-0: Foul Ball, location: 2F 2-1: Ball 3-1: DOUBLE (Flyball, 8RXD, EV 94.4 MPH)
|
|
Pitching: LHP Bob Owchinko
|
|
|
Batting: RHB Duke Hinds
|
0-0: Ball 1-0: Ball 2-0: Ball 3-0: Called Strike 3-1: Foul Ball, location: 2F 3-2: Foul Ball, location: 2F 3-2: Foul Ball, location: 2F 3-2: Ground out U3 (Groundball, 34, EV 103.1 MPH)
|
| Top of the 8th over - 0 runs, 1 hit, 0 errors, 1 left on base; Hawaii 6 - Portland 4 |
| BOTTOM OF THE 8TH |
|
Portland Beavers batting - Pitching for Hawaii Islanders : RHP Eric Prevost
|
|
Batting: RHB Martinho Varandas
|
0-0: Ball 1-0: Swinging Strike 1-1: Ball 2-1: Ball 3-1: Foul Ball, location: 2F 3-2: Base on Balls
|
|
Batting: RHB Pepe Mangual
|
0-0: Called Strike 0-1: Foul Ball, location: 2F 0-2: Ball 1-2: Fly out, F7 (Flyball, 78S, EV 91.3 MPH)
|
|
Batting: RHB Skeeter Barnes
|
0-0: SINGLE (Groundball, 34D, EV 95.0 MPH) Martinho Varandas to second Runner from 2nd tries for 3rd, SAFE, throw by RF made to third
|
|
Batting: RHB Ricky Jacquez
|
0-0: Ball 1-0: Ball 2-0: Ball 3-0: Called Strike 3-1: Called Strike 3-2: Foul Ball, location: 2F 3-2: Foul Ball, location: 2F 3-2: Foul Ball, location: 2F 3-2: Fielders Choice at 2nd, 6-4 (Groundball, 6, EV 88.1 MPH) Martinho Varandas scores
|
|
Batting: LHB Andre David
|
0-0: Ball 1-0: Called Strike 1-1: Ball 2-1: Ball 3-1: Called Strike 3-2: Foul Ball, location: 2F 3-2: Foul Ball, location: 2F 3-2: SINGLE (Groundball, 34D, EV 98.8 MPH) Ricky Jacquez to second Ricky Jacquez to third
|
|
Pinch Hitting: LHB Mike Gates
|
0-0: Ball 1-0: Called Strike 1-1: Ball 2-1: SINGLE (Groundball, 34D, EV 93.8 MPH) Ricky Jacquez scores Andre David to second Runner from 2nd tries for 3rd, SAFE, no throw by RF
|
|
Pitching: RHP Matt E Williams
|
|
|
Batting: RHB Robert Ferris
|
0-0: Called Strike 0-1: Swinging Strike 0-2: Strikes out swinging
|
| Bottom of the 8th over - 2 runs, 3 hits, 0 errors, 2 left on base; Hawaii 6 - Portland 6 |
| TOP OF THE 9TH |
|
Hawaii Islanders batting - Pitching for Portland Beavers : LHP Bob Owchinko
|
|
Pitching: RHP Enrique Reyes
|
|
|
Now at C: Gary Medeiros
|
|
|
Batting: LHB Geno Petralli
|
0-0: Ball 1-0: Called Strike 1-1: Ball 2-1: SINGLE (Line Drive, 6M, EV 99.4 MPH)
|
|
Batting: RHB Rob Teegarden
|
0-0: Ball 1-0: Called Strike 1-1: Swinging Strike 1-2: Strikes out looking
|
|
Batting: LHB Joe DeSa
|
0-0: Ball 1-0: Foul Ball, location: 2F 1-1: Ball 2-1: Ball 3-1: Base on Balls Geno Petralli to second
|
|
Pinch Hitting: LHB Wayne Pechek
|
0-0: Called Strike 0-1: Ground out 6-3 (Groundball, 6MS, EV 83.1 MPH) Geno Petralli to third Joe DeSa to second
|
|
Batting: RHB Tony Walker
|
0-0: Swinging Strike 0-1: Foul Ball, location: 2F 0-2: Ball 1-2: Ball 2-2: Fly out, F7 (Flyball, 7D, EV 106.3 MPH)
|
| Top of the 9th over - 0 runs, 1 hit, 0 errors, 2 left on base; Hawaii 6 - Portland 6 |
| BOTTOM OF THE 9TH |
|
Portland Beavers batting - Pitching for Hawaii Islanders : RHP Matt E Williams
|
|
Pitching: RHP Mackasey Lee
|
|
|
Now at 3B: Joe Strain
|
|
|
Batting: SHB Wally Backman
|
0-0: Ball 1-0: Called Strike 1-1: Ground out 4-3 (Groundball, 4, EV 101.3 MPH)
|
|
Batting: RHB Brian J Giles
|
0-0: Called Strike 0-1: Ball 1-1: Fly out, F4 (Popup, 4M, EV 76.9 MPH)
|
|
Batting: RHB Martinho Varandas
|
0-0: Foul Ball, location: 2F 0-1: Ball 1-1: Ball 2-1: Called Strike 2-2: Fly out, F9 (Flyball, 9D, EV 82.5 MPH)
|
| Bottom of the 9th over - 0 runs, 0 hits, 0 errors, 0 left on base; Hawaii 6 - Portland 6 |
| TOP OF THE 10TH |
|
Hawaii Islanders batting - Pitching for Portland Beavers : RHP Enrique Reyes
|
|
Batting: RHB Chris Nyman
|
0-0: Swinging Strike 0-1: Swinging Strike 0-2: Foul Ball, location: 2F 0-2: Ball 1-2: Foul Ball, location: 2F 1-2: Ball 2-2: Strikes out looking
|
|
Pinch Hitting: LHB Paul Tomini
|
0-0: Ball 1-0: Ball 2-0: Called Strike 2-1: Ball 3-1: Base on Balls
|
|
Batting: RHB Kevin McReynolds
|
0-0: Ball 1-0: Foul Ball, location: 2F 1-1: Ball 2-1: Ball 3-1: Called Strike 3-2: Base on Balls Paul Tomini to second
|
|
Batting: RHB Duke Hinds
|
0-0: Ball 1-0: Ball 2-0: Called Strike 2-1: Called Strike 2-2: Strikes out swinging
|
|
Batting: LHB Geno Petralli
|
0-0: Ball 1-0: Called Strike 1-1: Foul Ball, location: 2F 1-2: Ball 2-2: Ball 3-2: Base on Balls Paul Tomini to third Kevin McReynolds to second
|
|
Batting: RHB Rob Teegarden
|
0-0: Ball 1-0: Called Strike 1-1: Ball 2-1: Called Strike 2-2: Foul Ball, location: 2F 2-2: Strikes out swinging
|
| Top of the 10th over - 0 runs, 0 hits, 0 errors, 3 left on base; Hawaii 6 - Portland 6 |
| BOTTOM OF THE 10TH |
|
Portland Beavers batting - Pitching for Hawaii Islanders : RHP Mackasey Lee
|
|
Now in RF: Creighton Tevlin
|
|
|
Batting: RHB Pepe Mangual
|
0-0: Called Strike 0-1: Foul Ball, location: 2F 0-2: Ball 1-2: Ball 2-2: Ball 3-2: Strikes out looking
|
|
Batting: RHB Skeeter Barnes
|
0-0: Swinging Strike 0-1: Called Strike 0-2: Foul Ball, location: 2F 0-2: Ball 1-2: Strikes out swinging
|
|
Batting: RHB Ricky Jacquez
|
0-0: Ball 1-0: Ball 2-0: Fly out, F6 (Flyball, 56D, EV 86.9 MPH)
|
| Bottom of the 10th over - 0 runs, 0 hits, 0 errors, 0 left on base; Hawaii 6 - Portland 6 |
| TOP OF THE 11TH |
|
Hawaii Islanders batting - Pitching for Portland Beavers : RHP Enrique Reyes
|
|
Pitching: LHP Craig Minetto
|
|
|
Batting: LHB Joe DeSa
|
0-0: Fly out, F7 (Flyball, 78M, EV 90.6 MPH)
|
|
Batting: RHB Joe Strain
|
0-0: Ground out 5-3 (Groundball, 5L, EV 103.8 MPH)
|
|
Batting: RHB Tony Walker
|
0-0: SINGLE (Line Drive, 7LS, EV 90.0 MPH)
|
|
Batting: RHB Chris Nyman
|
0-0: Ball 1-0: Ball 2-0: Ball 3-0: Base on Balls Tony Walker to second
|
|
Batting: LHB Creighton Tevlin
|
0-0: Ball 1-0: Called Strike 1-1: Ball 2-1: Ball 3-1: Base on Balls Tony Walker to third Chris Nyman to second
|
|
Batting: RHB Kevin McReynolds
|
0-0: Ball 1-0: Called Strike 1-1: Ball 2-1: Called Strike 2-2: Strikes out swinging
|
| Top of the 11th over - 0 runs, 1 hit, 0 errors, 3 left on base; Hawaii 6 - Portland 6 |
| BOTTOM OF THE 11TH |
|
Portland Beavers batting - Pitching for Hawaii Islanders : RHP Mackasey Lee
|
|
Pitching: LHP Bill Latham
|
|
|
Batting: LHB Andre David
|
0-0: Ball 1-0: Ground out 5-3 (Groundball, 56S, EV 71.9 MPH)
|
|
Pinch Hitting: RHB Larry Littleton
|
0-0: Ball 1-0: Called Strike 1-1: Foul Ball, location: 2F 1-2: Strikes out swinging
|
|
Batting: RHB Robert Ferris
|
0-0: Ball 1-0: Ball 2-0: Fly out, F6 (Popup, 6S, EV 61.9 MPH)
|
| Bottom of the 11th over - 0 runs, 0 hits, 0 errors, 0 left on base; Hawaii 6 - Portland 6 |
| TOP OF THE 12TH |
|
Hawaii Islanders batting - Pitching for Portland Beavers : LHP Craig Minetto
|
|
Now at C: Greg Keatley
|
|
|
Batting: RHB Duke Hinds
|
0-0: SINGLE (Line Drive, 7S, EV 86.9 MPH)
|
|
Batting: LHB Geno Petralli
|
0-0: Called Strike 0-1: Ball 1-1: Swinging Strike 1-2: Strikes out looking
|
|
Batting: RHB Rob Teegarden
|
0-0: Called Strike 0-1: Ball 1-1: Ball 2-1: Fly out, F7 (Flyball, 7S, EV 80.0 MPH)
|
|
Batting: LHB Joe DeSa
|
0-0: Ball 1-0: Ball 2-0: Ball 3-0: Called Strike 3-1: Foul Ball, location: 2F 3-2: Base on Balls Duke Hinds to second
|
|
Batting: RHB Joe Strain
|
0-0: Ball 1-0: Foul Ball, location: 2F 1-1: Ball 2-1: Foul Ball, location: 2F 2-2: Ground out 5-3 (Groundball, 5S, EV 69.4 MPH)
|
| Top of the 12th over - 0 runs, 1 hit, 0 errors, 2 left on base; Hawaii 6 - Portland 6 |
| BOTTOM OF THE 12TH |
|
Portland Beavers batting - Pitching for Hawaii Islanders : LHP Bill Latham
|
|
Batting: SHB Wally Backman
|
0-0: Ball 1-0: Ball 2-0: Ground out 1-3 (Groundball, 13, EV 65.0 MPH)
|
|
Batting: RHB Brian J Giles
|
0-0: Called Strike 0-1: Swinging Strike 0-2: Ball 1-2: Foul Ball, location: 2F 1-2: Ball 2-2: Foul Ball, location: 2F 2-2: Strikes out looking
|
|
Batting: RHB Martinho Varandas
|
0-0: Ball 1-0: SINGLE (Line Drive, 5D, EV 97.5 MPH)
|
|
Batting: RHB Pepe Mangual
|
0-0: Called Strike 0-1: SINGLE (Line Drive, 4D, EV 95.6 MPH) Martinho Varandas to second Runner from 2nd tries for 3rd, SAFE, throw by RF made to third
|
|
Batting: RHB Skeeter Barnes
|
0-0: Foul Ball, location: 2F 0-1: Ball 1-1: Fly out, F8 (Flyball, 8LM, EV 90.0 MPH)
|
| Bottom of the 12th over - 0 runs, 2 hits, 0 errors, 2 left on base; Hawaii 6 - Portland 6 |
| TOP OF THE 13TH |
|
Hawaii Islanders batting - Pitching for Portland Beavers : LHP Craig Minetto
|
|
Batting: RHB Tony Walker
|
0-0: Ball 1-0: Ball 2-0: Ball 3-0: Base on Balls
|
|
Batting: RHB Chris Nyman
|
0-0: Ball 1-0: Ball 2-0: Ball 3-0: Called Strike 3-1: Foul Ball, location: 2F 3-2: Base on Balls Tony Walker to second
|
|
Batting: LHB Creighton Tevlin
|
0-0: Ball 1-0: Bunted foul 1-1: Bunt missed! 1-2: Ball 2-2: SINGLE (Groundball, 6MD, EV 101.9 MPH) Tony Walker to third Chris Nyman to second
|
|
Pitching: RHP Luis Leal
|
|
|
Batting: RHB Kevin McReynolds
|
0-0: Foul Ball, location: 2F 0-1: Foul Ball, location: 2F 0-2: Ball 1-2: Ball 2-2: SINGLE (Groundball, 4MD, EV 101.3 MPH) Tony Walker scores Chris Nyman to third Creighton Tevlin to second
|
|
Batting: RHB Duke Hinds
|
0-0: Ball 1-0: Grounds into double play, 6-2-3 (Groundball, 6, EV 101.3 MPH) Creighton Tevlin to third Kevin McReynolds to second
|
|
Batting: LHB Geno Petralli
|
0-0: Ball 1-0: Ball 2-0: Ball 3-0: Foul Ball, location: 2F 3-1: Called Strike 3-2: Strikes out looking
|
| Top of the 13th over - 1 run, 2 hits, 0 errors, 2 left on base; Hawaii 7 - Portland 6 |
| BOTTOM OF THE 13TH |
|
Portland Beavers batting - Pitching for Hawaii Islanders : LHP Bill Latham
|
|
Now at 3B: Jerry Willard
|
|
|
Batting: RHB Ricky Jacquez
|
0-0: Ball 1-0: Ball 2-0: Called Strike 2-1: Foul Ball, location: 2F 2-2: Ball 3-2: Fly out, F8 (Flyball, 8RD, EV 90.0 MPH)
|
|
Batting: LHB Andre David
|
0-0: Foul Ball, location: 2F 0-1: Ground out 4-3 (Groundball, 4, EV 105.0 MPH)
|
|
Batting: RHB Greg Keatley
|
0-0: Ball 1-0: Called Strike 1-1: Foul Ball, location: 2F 1-2: Fly out, F9 (Flyball, 9D, EV 86.9 MPH)
|
| Bottom of the 13th over - 0 runs, 0 hits, 0 errors, 0 left on base; Hawaii 7 - Portland 6 |
|